 Dungeon Crawl Stone Soup version 0.31-a0-267-g3fc6992b3b (webtiles) character file.

Game seed: 14795388083429376185

32 qw the Shooter (level 3, -1/29 HPs)
             Began as a Minotaur Hexslinger on July 14, 2023.
             Slain by Terence
             ... wielding a +0 mace
              (8 damage)
             ... on level 2 of the Dungeon.
             The game lasted 00:00:20 (1178 turns).

qw the Shooter (Minotaur Hexslinger)                Turns: 1178, Time: 00:00:20

Health: -1/29      AC:  3    Str: 12    XL:     3   Next: 8%
Magic:  3/3        EV: 12    Int: 10    God:
Gold:   38         SH:  0    Dex: 14    Spells: 3/4 levels left

rFire   . . .        Y - +1 sling
rCold   . . .        (no shield)
rNeg    . . .        d - +0 leather armour
rPois   .            (helmet restricted)
rElec   .            (no cloak)
rCorr   .            (no gloves)
SInv    .            (no boots)
Will    .....        (no amulet)
Stlth   +            (no ring)
HPRegen 0.24/turn    (no ring)
MPRegen 0.08/turn

%: no passive effects
@: no status effects
A: horns 2, retaliatory headbutt
a: no special abilities


You were on level 2 of the Dungeon.
You visited 1 branch of the dungeon, and saw 2 of its levels.

You collected 38 gold pieces.


Innate Abilities, Weirdness & Mutations

You have a pair of horns on your head.
You reflexively headbutt those who attack you in melee.


   Skills:
 - Level 2.0 Fighting
 + Level 3.6 Ranged Weapons
 - Level 2.1 Dodging
 - Level 1.0 Spellcasting
 - Level 2.0 Hexes


You had 3 spell levels left.
You knew the following spells:

 Your Spells              Type           Power      Damage    Failure   Level
a - Slow                  Hex            16%        N/A       19%         1

Your spell library contained the following spells:

 Spells                   Type           Power      Damage    Failure   Level
 Inner Flame              Hex/Fire       2%         N/A       65%         3
 Portal Projectile        Hex/Tloc       4%         N/A       65%         3
 Cause Fear               Hex            2%         N/A       88%         4

Inventory:

Hand Weapons
 Y - a +1 sling (weapon)
Armour
 d - a +0 leather armour (worn)
Scrolls
 a - 2 scrolls of identify
 b - a scroll of teleportation {unknown}
Potions
 e - a potion of resistance {unknown}
 h - a potion of berserk rage {unknown}
 i - a potion of degeneration {unknown}

Dungeon Overview and Level Annotations

Branches:
Dungeon (2/15)

Altars:
Okawaru

Annotations:
D:2 Terence


Message History

Terence closely misses you.
You shoot a sling bullet.
The sling bullet closely misses Terence.
Terence asks, "Do you want it fast or slow?"
Terence hits you with a +0 mace.
You shoot a sling bullet.
The sling bullet closely misses Terence.
Terence hits you with a +0 mace.
You shoot a sling bullet.
The sling bullet closely misses Terence.
Terence closely misses you. x2
You shoot a sling bullet.
The sling bullet hits Terence but does no damage.
Terence is lightly wounded.
Terence misses you. You furiously retaliate!
You headbutt Terence. You shoot a sling bullet.
The sling bullet closely misses Terence.
Terence bares his teeth.
Terence hits you with a +0 mace!
You shoot a sling bullet.
The sling bullet closely misses Terence.
Terence barely misses you. Terence hits you with a +0 mace.
You shoot a sling bullet.
The sling bullet hits Terence but does no damage.
Terence is moderately wounded.
Terence closely misses you.
You shoot a sling bullet.
The sling bullet closely misses Terence.
Terence closely misses you.
You shoot a sling bullet.
The sling bullet hits Terence but does no damage.
Terence is moderately wounded.
Terence barely misses you.
You shoot a sling bullet. The sling bullet hits Terence.
Terence is moderately wounded.
Terence hits you with a +0 mace.
You shoot a sling bullet.
The sling bullet closely misses Terence.
Terence hits you with a +0 mace!
You die...

._.... ..... ...%#
.... #..# #..# #.@#
#.@# #..# #..#
#..#######
#........#
##.######.#
#...#####.#######
#....)..........####
#...#####...........


You could see Terence.

Vanquished Creatures
  A dart slug (D:1)
  3 ball pythons (D:1)
  2 bats (D:1)
  4 endoplasms
  4 jackals (D:2)
  3 frilled lizards
  5 goblins
  2 kobolds
  2 rats
26 creatures vanquished.

Notes
Turn   | Place    | Note
-------+----------+-------------------------------------------
     0 | D:1      | qw the Minotaur Hexslinger began the quest for the Orb.
     0 | D:1      | Reached XP level 1. HP: 16/16 MP: 1/1
     0 | D:1      | 0 ||| qw: Version: 0.3-a-52-g30416fa
     0 | D:1      | 0 ||| qw: Game counter: 7913
     0 | D:1      | 0 ||| qw: Melee chars always use a shield: true
     0 | D:1      | 0 ||| qw: God list: Okawaru
     0 | D:1      | 0 ||| qw: Allow faded altars: false
     0 | D:1      | 0 ||| qw: Do Orc after clearing Dungeon:15 true
     0 | D:1      | 0 ||| qw: Do second Lair branch before Depths: true
     0 | D:1      | 0 ||| qw: Lair rune preference: random
     0 | D:1      | 0 ||| qw: Goals: Normal
     0 | D:1      | 0 ||| PLANNING D:1-11
   341 | D:1      | Reached skill level 3 in Ranged Weapons
   351 | D:1      | Reached XP level 2. HP: 23/23 MP: 2/2
   456 | D:1      | Found a faded altar of an unknown god.
   920 | D:1      | 920 ||| UPGRADING to +0 leather armour.
   930 | D:1      | 930 ||| DROPPING +0 robe.
   931 | D:1      | 931 ||| DROPPING ring of wizardry.
   932 | D:1      | 932 ||| READING scroll labelled TEQE VIANNO.
   933 | D:1      | 933 ||| DROPPING scroll of poison.
  1149 | D:2      | Identified the +5 war axe of Ugeriwei {freeze, rPois MP+9
                  | Stlth-}
  1158 | D:2      | Found an iron altar of Okawaru.
  1159 | D:2      | 1159 ||| PLANNING OKAWARU WORSHIP
  1162 | D:2      | Noticed Terence
  1164 | D:2      | Reached XP level 3. HP: 29/29 MP: 3/3
  1177 | D:2      | HP: 6/29 [Terence/+0 mace (6)]
  1178 | D:2      | Slain by Terence

Levels and vault maps discovered:
D:1:      dpeg_arrival_rhombus, layout_basic,
          shapermc_ecumenical_altar_notcrosses, serial_corexii_hall,
          corexii_hall_statues_i, corexii_hall_statues_i,
          corexii_hall_statues_l, corexii_hall_statues_i, minmay_misc_feat_room,
          minmay_octomino_e4
D:2:      layout_loops_ring, basic_altar, uniq_terence

Skill      XL: |  1  2 |
---------------+-------+-----
Ranged Weapons | 3 |  3.6
Fighting       | 2 |  2.0
Dodging        | |  2.1
Spellcasting   | |  1.0
Hexes          | |  2.0

Action                     || total
---------------------------++-------
   Fire: Sling             ||    77
    Use: Scroll            ||     1
 Armour: Robe              ||     2
         Leather armour    ||     2
  Dodge: Dodged            ||    20

Table legend:
 A = Non-vault XP
 B = Vault XP
 C = Vault XP percentage of total XP
 D = Non-vault monster count
 E = Vault monster count
 F = Vault count percentage of total count
                 A         B        C        D         E       F
            +---------+---------+-------+---------+---------+-------
      Total |      42 |       4 |   8.7 |      24 |       2 |   7.7
            +---------+---------+-------+---------+---------+-------
        D:1 |      23 |       4 |  14.8 |      13 |       2 |  13.3
        D:2 |      19 |       0 |   0.0 |      11 |       0 |   0.0
            +---------+---------+-------+---------+---------+-------
